AoeStats
← filipellopes

Arabia

510803223Analyzed
1v1 RM · 7h ago on Oct 2, 2026· 26m 54s· 2 players
Game mode
Random Map
Map size
Tiny (2 player)
Population
200
Speed
Normal
Resources
Standard
Victory
Conquest
Starting age
Dark Age
Ending age
Imperial Age
RankedLock teamsTeams togetherTeam positionsShared explorationLock speedFull tech treeHidden civsTurbo modeCheats
Victory
Defeat
🇧🇷 Magyars · Brazil
1083
+16
🇮🇹 Danes · Italy
1089
-16
filipellopes
5:38 Loom
8:48 Feudal Age
10:30 Double-Bit Axe
19:45 Castle Age
19:17 Scale Barding Armor
19:23 Bloodlines
21:04 Bow Saw
24:19 Husbandry
26:41 Horse Collar
Amarello
0:31 Loom
9:09 Feudal Age
13:42 Wheelbarrow
14:02 Town Watch
20:59 Castle Age
19:50 Arson
21:48 Squires
25:50 Forging
Connection lost

Rejoining the realm…

Still unreachable

The connection could not be restored.

Session expired

The server has moved on; the page needs a fresh start.